AoeStats
← infinityishan

Black Forest

510594653Analyzed
4v4 RM · 7h ago on Oct 1, 2026· 67m 3s· 8 players
Game mode
Random Map
Map size
Large (8 player)
Population
200
Speed
Normal
Resources
Standard
Victory
Conquest
Starting age
Dark Age
Ending age
Imperial Age
RankedLock teamsTeams togetherTeam positionsShared explorationLock speedFull tech treeHidden civsTurbo modeCheats
Victory
Defeat
🇦🇺 Persians · Australia
653
+12
🇨🇦 Bohemians · Canada
536
+17
🇫🇷 Bohemians · France
509
+18
🇩🇪 Persians · Germany
465
+19
🇮🇳 Byzantines · India
582
-18
🇮🇳 Mongols · India
579
-18
🇨🇦 Britons · Canada
546
-16
🇮🇳 Bohemians · India
496
-14
simplysuresh.bellam
17:57 Feudal Age
18:30 Man-at-Arms
20:14 Double-Bit Axe
26:29 Castle Age
28:36 Bow Saw
28:36 Long Swordsman
33:52 Imperial Age
33:06 Wagenburg Tactics
33:18 Caravan
35:42 Chemistry
35:39 Elite Hussite Wagon
39:20 Two-Man Saw
38:25 Murder Holes
41:09 Houfnice
infinityishan
0:59 Loom
14:51 Feudal Age
16:38 Double-Bit Axe
17:54 Wheelbarrow
17:30 Horse Collar
29:14 Castle Age
31:13 Heavy Plow
33:54 Hand Cart
37:06 Bow Saw
39:15 Husbandry
39:27 Bloodlines
40:06 Man-at-Arms
40:47 Squires
40:33 Arson
41:52 Scale Barding Armor
41:47 Scale Mail Armor
41:58 Forging
41:49 Padded Archer Armor
41:40 Fletching
44:29 Long Swordsman
47:25 Chain Barding Armor
47:21 Chain Mail Armor
47:41 Iron Casting
48:34 Guard Tower
48:55 Fortified Wall
48:41 Murder Holes
49:08 Ballistics
55:33 Leather Archer Armor
55:14 Bodkin Arrow
61:18 Nomads
hangover
0:34 Loom
11:21 Feudal Age
12:01 Double-Bit Axe
12:04 Horse Collar
17:52 Gold Mining
17:58 Stone Mining
21:03 Castle Age
24:23 Man-at-Arms
24:48 Gambesons
24:49 Arson
25:04 Squires
24:26 Pikeman
27:47 Long Swordsman
36:04 Caravan
36:34 Coinage
38:37 Imperial Age
37:48 Fortified Wall
37:34 Murder Holes
39:10 Wheelbarrow
42:49 Chemistry
42:11 Ballistics
44:36 Elite Cataphract
49:29 Stone Shaft Mining
49:29 Gold Shaft Mining
48:50 Arrowslits
49:16 Scale Barding Armor
49:12 Scale Mail Armor
49:03 Fletching
49:13 Padded Archer Armor
50:08 Hand Cart
49:59 Heavy Plow
50:19 Capped Ram
52:52 Halberdier
59:13 Greek Fire
59:27 Logistica
61:46 Bow Saw
nduivenvo
0:35 Loom
14:34 Feudal Age
15:16 Double-Bit Axe
15:14 Horse Collar
18:29 Man-at-Arms
19:13 Gold Mining
20:44 Wheelbarrow
20:45 Arson
21:06 Stone Mining
24:43 Castle Age
23:51 Forging
25:04 Long Swordsman
25:57 Bow Saw
25:50 Heavy Plow
26:27 Gold Shaft Mining
28:12 Scale Mail Armor
29:37 Caravan
30:02 Padded Archer Armor
29:53 Fletching
32:12 Fortified Wall
31:44 Treadmill Crane
32:25 Ballistics
32:17 Masonry
32:57 Hand Cart
33:13 Town Watch
33:45 Squires
34:37 Leather Archer Armor
34:00 Pikeman
36:26 Chain Mail Armor
36:02 Fletching
36:49 Iron Casting
41:20 Imperial Age
38:52 Town Patrol
38:45 Heated Shot
38:51 Murder Holes
38:57 Bodkin Arrow
41:33 Two-Handed Swordsman
41:34 Halberdier
41:57 Elite Longbowman
43:57 Chemistry
44:05 Conscription
43:22 Champion
46:05 Two-Man Saw
50:06 Architecture
50:10 Warwolf
52:09 Bracer
54:47 Plate Mail Armor
54:48 Ring Archer Armor
55:19 Blast Furnace
thvmbn
1:15 Loom
14:00 Feudal Age
15:41 Double-Bit Axe
15:40 Horse Collar
23:45 Castle Age
26:44 Wagenburg Tactics
27:05 Caravan
27:41 Heavy Plow
28:32 Bow Saw
35:10 Imperial Age
37:34 Chemistry
36:50 Fortified Wall
36:07 Elite Hussite Wagon
39:14 Squires
39:00 Arson
38:36 Pikeman
41:46 Two-Man Saw
41:26 Houfnice
41:33 Houfnice
41:42 Halberdier
41:52 Crossbowman
42:40 Padded Archer Armor
42:30 Fletching
42:41 Scale Mail Armor
42:54 Forging
42:51 Scale Barding Armor
48:45 Arbalester
50:39 Chain Mail Armor
50:39 Leather Archer Armor
50:20 Bodkin Arrow
52:13 Man-at-Arms
52:26 Elite Skirmisher
56:32 Long Swordsman
61:40 Plate Mail Armor
60:35 Two-Handed Swordsman
Nano
0:32 Loom
14:37 Feudal Age
15:50 Wheelbarrow
15:02 Town Watch
15:11 Horse Collar
15:20 Double-Bit Axe
15:52 Gold Mining
15:53 Stone Mining
20:30 Forging
20:11 Fletching
22:56 Scale Barding Armor
26:37 Scale Mail Armor
26:38 Padded Archer Armor
30:42 Castle Age
29:50 Man-at-Arms
30:16 Arson
31:37 Hand Cart
31:23 Town Patrol
31:03 Pikeman
31:44 Squires
31:29 Gambesons
32:34 Heavy Plow
32:48 Bow Saw
33:57 Gold Shaft Mining
34:50 Iron Casting
35:19 Caravan
36:17 Coinage
36:13 Bodkin Arrow
36:57 Stone Shaft Mining
41:08 Imperial Age
39:03 Husbandry
40:18 Chain Mail Armor
40:45 Kamandaran
41:29 Murder Holes
42:04 Ballistics
41:59 Masonry
42:47 Conscription
43:25 Banking
43:46 Hoardings
43:48 Chain Barding Armor
44:40 Citadels
44:10 Cavalier
45:43 Crop Rotation
45:36 Leather Archer Armor
46:37 Onager
48:23 Architecture
47:45 Guard Tower
48:00 Crossbowman
50:47 Thumb Ring
51:09 Parthian Tactics
50:50 Halberdier
50:51 Long Swordsman
51:45 Bloodlines
51:01 Light Cavalry
51:02 Heavy Camel Rider
52:47 Elite War Elephant
54:44 Blast Furnace
55:19 Savar
57:06 Heavy Cavalry Archer
68:10 Plate Barding Armor
68:06 Ring Archer Armor
68:07 Plate Mail Armor
fondi.jeanmarc
12:18 Feudal Age
13:36 Wheelbarrow
13:00 Double-Bit Axe
13:29 Horse Collar
24:41 Castle Age
26:07 Hand Cart
26:25 Bow Saw
27:28 Heavy Plow
26:57 Pikeman
27:53 Caravan
Lt Cmdr Data Mikokol
0:29 Loom
10:28 Feudal Age
12:11 Wheelbarrow
18:14 Castle Age
19:09 Horse Collar
19:26 Double-Bit Axe
20:39 Fishing Lines
21:13 Heavy Plow
22:02 Bow Saw
24:25 Hand Cart
25:27 Gillnets
29:50 Stone Mining
29:52 Gold Mining
30:15 Caravan
30:26 Man-at-Arms
31:25 Fletching
31:35 Padded Archer Armor
31:51 Thumb Ring
32:11 Parthian Tactics
31:10 Long Swordsman
33:09 Stone Shaft Mining
33:10 Gold Shaft Mining
32:00 Crossbowman
34:33 Bodkin Arrow
34:54 Leather Archer Armor
34:59 Kamandaran
41:26 Forging
41:21 Scale Barding Armor
44:11 Imperial Age
44:56 Conscription
44:01 Elite War Elephant
46:12 Iron Casting
45:58 Chain Barding Armor
46:09 Ring Archer Armor
48:03 Blast Furnace
47:07 Husbandry
47:18 Bloodlines
46:29 Light Cavalry
47:12 Murder Holes
47:38 Ballistics
48:19 Chemistry
47:30 Masonry
49:02 Plate Barding Armor
51:26 Devotion
Connection lost

Rejoining the realm…

Still unreachable

The connection could not be restored.

Session expired

The server has moved on; the page needs a fresh start.